 Dungeon Crawl Stone Soup version 0.26.1-2-gb8aa6d0cf2 (webtiles) character file.

Game seed: 2840439525616543741

801 raph the Geomancer (level 7, -1/36 HPs)
             Began as a Deep Elf Earth Elementalist on Mar 18, 2021.
             Was a Follower of Ashenzari.
             Slain by an orc warrior
             ... wielding a +0 short sword
              (7 damage)
             ... on level 6 of the Dungeon.
             The game lasted 00:11:58 (4762 turns).

raph the Geomancer (Deep Elf Earth Elementalist)    Turns: 4762, Time: 00:11:59

Health: -1/36      AC:  9    Str:  5    XL:     7   Next: 59%
Magic:  5/16       EV: 12    Int: 22    God:    Ashenzari [*.....]
Gold:   345        SH:  4    Dex: 15    Spells: 0/15 levels left

rFire    . . .     SeeInvis .   s - +1 dagger (flame)
rCold    . . .     Faith    .   y - +0 buckler (curse)
rNeg     . . .     Spirit   .   c - +0 robe
rPois    .         Reflect  .   r - +1 helmet (curse)
rElec    .         Harm     .   e - +0 cloak (curse)
rCorr    +         Rampage  .   l - +0 pair of gloves
Will     .....                  z - +2 pair of boots (curse)
Stlth    ++........             f - amulet of regeneration (curse)
HPRegen  0.52/turn              n - ring of resist corrosion
MPRegen  0.15/turn              (no ring)

@: no status effects
A: no striking features
a: Renounce Religion, Curse Item, Scrying


You were on level 6 of the Dungeon.
You worshipped Ashenzari.
Ashenzari was aware of your devotion.
You visited 1 branch of the dungeon, and saw 6 of its levels.

You collected 345 gold pieces.

Inventory:

Hand Weapons
 d - a +0 short sword
 o - a +0 dagger of flaming
 s - a +1 dagger of flaming (weapon)
Missiles
 b - 137 stones
Armour
 c - a +0 robe (worn)
 e - a cursed +0 cloak (worn)
 l - a +0 pair of gloves (worn)
 r - a cursed +1 helmet (worn)
 y - a cursed +0 buckler (worn)
 z - a cursed +2 pair of boots (worn)
Jewellery
 f - a cursed amulet of regeneration (around neck)
 n - a ring of resist corrosion (left hand)
Wands
 m - a wand of disintegration (5)
 q - a wand of random effects (14)
 x - a wand of acid (12)
Scrolls
 a - a scroll of remove curse
 g - a scroll of teleportation
 h - 2 scrolls of immolation
 i - 2 scrolls of identify
 j - a scroll of random uselessness
 k - 2 scrolls of fog
 p - 2 scrolls of blinking
Potions
 t - a potion of resistance
 u - 2 potions of curing
 v - 2 potions of flight
 w - 2 potions of attraction
 A - a potion of brilliance
 B - a potion of heal wounds
 C - a potion of lignification


   Skills:
 - Level 0.1 Fighting
 - Level 0.1 Short Blades
 - Level 2.6 Dodging
 - Level 3.4 Stealth
 * Level 1.5 Shields
 - Level 4.8 Spellcasting
 + Level 1.1 Transmutations
 * Level 8.7 Earth Magic


You couldn't memorise any spells.
You knew the following spells:

 Your Spells              Type           Power        Failure   Level
a - Sandblast             Erth           86%          1%          1
b - Passwall              Tmut/Erth      22%          2%          2
c - Stone Arrow           Conj/Erth      48%          7%          3
d - Lee's Rapid Deconstr  Erth           21%          11%         5
e - Sticky Flame          Conj/Fire      5%           80%         4

Your spell library contained the following spells:

 Spells                   Type           Power        Failure   Level
 Foxfire                  Conj/Fire      20%          14%         1
 Petrify                  Tmut/Erth      27%          19%         4
 Conjure Flame            Conj/Fire      5%           38%         3
 Inner Flame              Hex/Fire       5%           38%         3
 Fireball                 Conj/Fire      2%           98%         5


Dungeon Overview and Level Annotations

Branches:
Dungeon (6/15)             Temple (0/1) D:6

Altars:
Ashenzari
Qazlal
Uskayaw

Shops:
D:5 (

Annotations:
D:4 Edmund, Grinder, Natasha


Message History

The orc warrior barely misses you.
Aiming: Sandblast (safe; 1% risk of failure)
Press: ? - help, Q - select action, (/) - cycle Shift-Dir - straight line, f/p - orc warrior
Aim: an orc warrior, wielding a +0 short sword and wearing a +0 plate armour (severely wounded, 17% to evade)
The blast of sand hits the orc warrior but does no damage.
The orc warrior is severely wounded.
The orc warrior hits you but does no damage.
Aiming: Sandblast (safe; 1% risk of failure)
Press: ? - help, Q - select action, (/) - cycle Shift-Dir - straight line, f/p - orc warrior
Aim: an orc warrior, wielding a +0 short sword and wearing a +0 plate armour (severely wounded, 17% to evade)
The blast of sand hits the orc warrior.
The orc warrior is severely wounded.
The orc warrior hits you with a +0 short sword!
* * * LOW HITPOINT WARNING * * *
Aiming: Sandblast (safe; 1% risk of failure)
Press: ? - help, Q - select action, (/) - cycle Shift-Dir - straight line, f/p - orc warrior
Aim: an orc warrior, wielding a +0 short sword and wearing a +0 plate armour (severely wounded, 17% to evade)
The blast of sand misses the orc warrior.
The orc warrior hits you with a +0 short sword!
You die...

#....#.......#....#.
#....#.......#....+.
#....#...##..#....##
#....#...##..#....#.
#....#....#..#....#.
#....'....#..#....'.
.#######.#######
#....#.
o.....(#.##.#####
#....##
.......#@........
#....#
.......#o...#####
#....# .......#)####
#....#. ...o...[..+
#....#. .......#..#
#....#. ###########
#.####. ##.#....
#..#.... #..#....


You could see an orc warrior.

Vanquished Creatures
  Sigmund (D:5)
  A phantom (D:5)
  A centaur (D:5)
  A centaur zombie (D:5)
  An orc wizard (D:6)
  A jelly (D:6)
  5 orc priests
  2 worker ants
  A hound zombie (D:5)
  A hound skeleton (D:5)
  Robin (D:2)
  5 gnolls
  3 adders
  An ufetubus (D:5)
  4 worms
  An adder skeleton (D:5)
  3 leopard geckos
  9 orcs
  8 bats
  2 giant cockroaches (D:1)
  12 goblins
  4 hobgoblins
  4 jackals (D:3)
  A quokka (D:4)
  A ball python (D:2)
  3 frilled lizards
  6 kobolds
  A rat (D:1)
84 creatures vanquished.

Vanquished Creatures (others)
  2 plants (D:1)
2 creatures vanquished.

Grand Total: 86 creatures vanquished

Notes
Turn   | Place    | Note
-------+----------+-------------------------------------------
     0 | D:1      | raph the Deep Elf Earth Elementalist began the quest for
                  | the Orb.
     0 | D:1      | Reached XP level 1. HP: 10/10 MP: 6/6
   597 | D:1      | Reached XP level 2. HP: 8/15 MP: 5/8
  1389 | D:2      | Found a broken altar of Ashenzari.
  1421 | D:2      | Learned a level 2 spell: Passwall
  1425 | D:2      | Became a worshipper of Ashenzari the Shackled
  1650 | D:2      | Reached XP level 3. HP: 14/19 MP: 2/10
  1654 | D:2      | Reached skill level 4 in Earth Magic
  1669 | D:2      | Learned a level 3 spell: Stone Arrow
  2112 | D:2      | Reached XP level 4. HP: 13/24 MP: 7/12
  2365 | D:2      | Noticed Robin
  2376 | D:2      | Killed Robin
  2950 | D:3      | Found a stormy altar of Qazlal.
  2991 | D:3      | Reached XP level 5. HP: 28/28 MP: 12/14
  2999 | D:3      | Learned a level 5 spell: Lee's Rapid Deconstruction
  3188 | D:3      | Reached skill level 5 in Earth Magic
  3409 | D:4      | Noticed Grinder
  3464 | D:4      | Noticed Edmund
  3656 | D:4      | Noticed Natasha
  3668 | D:5      | Entered Level 5 of the Dungeon
  3703 | D:5      | Noticed a phantom
  3711 | D:5      | Killed a phantom
  3712 | D:5      | Reached skill level 6 in Earth Magic
  3855 | D:5      | Reached XP level 6. HP: 32/32 MP: 11/15
  3897 | D:5      | Found Irphozih's Antique Weapon Boutique.
  3981 | D:5      | Noticed Sigmund
  3988 | D:5      | Killed Sigmund
  3989 | D:5      | Reached skill level 7 in Earth Magic
  4093 | D:5      | Reached * piety under Ashenzari
  4162 | D:5      | Found a hide-covered altar of Uskayaw.
  4198 | D:5      | Reached skill level 1 in Shields
  4198 | D:5      | Reached XP level 7. HP: 28/36 MP: 14/16
  4250 | D:5      | Reached skill level 8 in Earth Magic
  4344 | D:6      | Found a staircase to the Ecumenical Temple.
  4370 | D:6      | Learned a level 4 spell: Sticky Flame
  4762 | D:6      | Slain by an orc warrior

Illustrated notes

Levels and vault maps discovered:
D:1:      dpeg_arrival_circle_labyrinth_c, layout_basic, columned_hall_lemuel,
          serial_bayou_lake_a
D:2:      layout_basic, nicolae_ashenzari_panopticon, minmay_pentomino_t2,
          uniq_robin
D:3:      layout_rooms, lemuel_crystal_altar
D:4:      layout_loops_ring, tgw_trog, minmay_ogre_servants, uniq_edmund,
          uniq_natasha, uniq_grinder
D:5:      layout_rooms, kennysheep_little_box, serial_shops, shop_fountains,
          uniq_sigmund
D:6:      layout_gridville, regret_index_temple_of_mockery,
          minmay_temple_entry_offerings

Skill      XL: |  1  2  3  4  5  6  7 |
---------------+----------------------+-----
Stealth        | 3 |  3.4
Earth Magic    | 4 6 7 8 |  8.7
Spellcasting   | 4 |  4.8
Shields        | 1 |  1.5
Fighting       | |  0.1
Short Blades   | |  0.1
Dodging        | |  2.6
Transmutations | |  1.1

Action                   |  1- 3 |  4- 6 |  7- 9 || total
-------------------------+-------+-------+-------++-------
Melee: Short sword       |    19 |       |       ||    19
       Unarmed           |     4 |       |       ||     4
       Dagger            |     5 |    26 |     8 ||    39
 Cast: Sandblast         |    41 |    63 |    38 ||   142
       Passwall          |     2 |       |       ||     2
       Stone Arrow       |       |     1 |     2 ||     3
Invok: Curse Item        |     1 |     3 |     1 ||     5
  Use: Scroll            |     1 |    18 |     1 ||    20
 Stab: Sleeping          |     2 |     2 |       ||     4
Armor: Robe              |    17 |     6 |     3 ||    26
Dodge: Dodged            |    40 |    28 |    12 ||    80
Block: Buckler           |       |       |     3 ||     3
